 Dungeon Crawl Stone Soup version 0.26.0-10-g1f06aea511 (webtiles) character file.

Game seed: 14283586323287008705

113 Dirian the Shield-Bearer (level 4, -8/60 HPs)
             Began as a Minotaur Fighter on Jan 22, 2021.
             Killed by divine providence
             ... invoked by an orc priest
              (10 damage)
             ... on level 3 of the Dungeon.
             The game lasted 00:02:21 (1520 turns).

Dirian the Shield-Bearer (Minotaur Fighter)         Turns: 1520, Time: 00:02:21

Health: -8/60      AC:  5    Str: 20    XL:     4   Next: 65%
Magic:  3/3        EV:  7    Int:  5    God:
Gold:   123        SH:  9    Dex: 11    Spells: 3/3 levels left

rFire    . . .     SeeInvis .   a - +0 long sword
rCold    . . .     Faith    .   c - +0 kite shield
rNeg     . . .     Spirit   .   b - +0 scale mail
rPois    .         Reflect  .   (helmet restricted)
rElec    .         Harm     .   s - +0 cloak
rCorr    .         Rampage  .   (no gloves)
Will     .....                  (no boots)
Stlth    ..........             (no amulet)
HPRegen  0.20/turn              (no ring)
MPRegen  0.08/turn              (no ring)

@: mighty, brilliant, berserking, attractive, very quick
A: retaliatory headbutt, horns 2, blurry vision 1, deformed body, high mp 1
a: no special abilities


You were on level 3 of the Dungeon.
You visited 1 branch of the dungeon, and saw 3 of its levels.

You collected 123 gold pieces.

Inventory:

Hand Weapons
 a - a +0 long sword (weapon)
Armour
 b - a +0 scale mail (worn)
 c - a +0 kite shield (worn)
 s - a +0 cloak (worn)
Jewellery
 k - an uncursed ring of poison resistance {unknown}
 o - an uncursed ring of flight {unknown}
 r - an uncursed amulet of magic regeneration {unknown}
Scrolls
 g - a scroll of enchant weapon {unknown}
 i - 2 scrolls of teleportation {unknown}
 m - 3 scrolls of remove curse {unknown}
 n - 3 scrolls of identify {unknown}
 q - a scroll of magic mapping {unknown}
Potions
 e - 2 potions of brilliance
 j - a potion of curing {unknown}
 l - a potion of resistance {unknown}
 p - 2 potions of mutation


   Skills:
 + Level 4.2 Fighting
 + Level 3.7 Long Blades
 + Level 4.0 Armour
 + Level 0.3 Dodging
 + Level 4.5 Shields
 * Level 1.3 Evocations


You had 3 spell levels left.
You didn't know any spells.
Your spell library was empty.

Dungeon Overview and Level Annotations

Branches:
Dungeon (3/15)

Altars:


Innate Abilities, Weirdness & Mutations

You reflexively headbutt those who attack you in melee.
You have a pair of horns on your head.
Scrolls take you a little longer to read.
Armour fits poorly on your strangely shaped body.
You have an increased reservoir of magic. (+10% MP)


Message History

You block the adder's attack. The adder bites you.
* * * LOW HITPOINT WARNING * * *
It was a potion of brilliance.
You feel clever all of a sudden. The adder bites you but does no damage.
It was a potion of attraction.
You feel attractive to monsters.
The orc wizard gestures wildly while chanting.
The orc wizard seems to speed up.
The adder bites you but does no damage.
It was a potion of berserk rage.
A red film seems to cover your vision as you go berserk!
You feel yourself moving faster!
You feel mighty!
The orc wizard casts a spell.
The orc wizard blinks!
The adder barely misses you.
You riposte.
You barely miss the adder. The orc priest is pulled toward you!
You closely miss the adder. Your headbutt misses the adder.
The adder bites you but does no damage.
The orc priest invokes the aid of Beogh against you.
Beogh smites you!
You die...

#.......### ######)#
#...#.#...###......#
#.....#..##.######
##.#.###.##.#.# #.8.
##.♣.##..# ##
#.###.#.####.#
#.#.#.#.###.# #..#
♣.###.⌠.# #.♣[#.#
#.#@#^#.# #.# .#
##S###.#.# ## ## #.
#.o.###.♣.#
#.##.#S###.##
###..#.....#...
.........##.....
#.##..##.##..... #
#.......o.#.#
#..#####..# #


You could see an orc priest and an adder.

Vanquished Creatures
  Crazy Yiuf (D:2)
  3 adders
  A worm (D:2)
  2 dart slugs (D:1)
  3 leopard geckos
  2 orcs (D:3)
  2 giant cockroaches (D:1)
  4 goblins
  6 hobgoblins
  8 kobolds
  A quokka (D:2)
  5 bats
  3 frilled lizards
  6 rats (D:1)
47 creatures vanquished.

Notes
Turn   | Place    | Note
-------+----------+-------------------------------------------
     0 | D:1      | Dirian the Minotaur Fighter began the quest for the Orb.
     0 | D:1      | Reached XP level 1. HP: 19/19 MP: 0/0
   125 | D:1      | Reached XP level 2. HP: 27/27 MP: 1/1
   492 | D:1      | Reached XP level 3. HP: 33/33 MP: 2/2
  1143 | D:2      | Reached skill level 1 in Evocations
  1143 | D:2      | Reached XP level 4. HP: 38/40 MP: 3/3
  1185 | D:2      | Found a faded altar of an unknown god.
  1254 | D:2      | Found a runed translucent door.
  1255 | D:2      | Noticed Crazy Yiuf
  1326 | D:2      | Killed Crazy Yiuf
  1514 | D:3      | HP: 2/40 [orc priest/divine providence (13)]
  1516 | D:3      | Gained mutation: Armour fits poorly on your strangely
                  | shaped body. [potion of mutation]
  1516 | D:3      | Gained mutation: Scrolls take you a little longer to read.
                  | [potion of mutation]
  1516 | D:3      | Gained mutation: You have an increased reservoir of magic.
                  | (+10% MP) [potion of mutation]
  1520 | D:3      | Killed from afar by an orc priest

Illustrated notes

Levels and vault maps discovered:
D:1:      elethiomel_arrival_quiet, layout_loops_ring, item_on_display_a
D:2:      layout_rooms, chequers_ecumenical_altar_simple_redux,
          uniq_crazy_yiuf_cottage
D:3:      layout_loops_ring, grunt_decor_mini_mirrors

Skill      XL: |  1  2  3 |
---------------+----------+-----
Shields        | 4 |  4.5
Fighting       | 4 |  4.2
Long Blades    | 3 |  3.7
Armour         | 4 |  4.0
Evocations     | 1 |  1.3
Dodging        | |  0.3

Action                   |  1- 3 |  4- 6 || total
-------------------------+-------+-------++-------
Melee: Long sword        |   103 |    16 ||   119
       Headbutt          |     9 |     2 ||    11
  Use: Potion            |       |     5 ||     5
Armor: Scale mail        |    50 |    10 ||    60
Dodge: Dodged            |    39 |     7 ||    46
Block: Kite shield       |    62 |     4 ||    66
       Rpst.: Long sword |    12 |     3 ||    15
